 Dungeon Sprint DCSS version 0.19-a0-1735-g048f9dc (webtiles) character file.

1443 Kann the Stickfighter (level 8, -6/63 HPs)
             Began as a Minotaur Gladiator on Sept 30, 2016.
             Was a High Priest of Cheibriados.
             Mangled by a five-headed hydra (7 damage)
             ... in the Dungeon (Sprint IX: "|||||||||||||||||||||||||||||").
             The game lasted 00:01:38 (446 turns).

Kann the Stickfighter (Minotaur Gladiator)           Turns: 446, Time: 00:01:39

Health: -6/63      AC: 14    Str: 35    XL:     8   Next: 46%
Magic:  11/14      EV: 13    Int: 16    God:    Cheibriados [*****.]
Gold:   0          SH:  0    Dex: 23    Spells: 0 memorised, 7 levels left

rFire  . . .     SeeInvis .     (no weapon)
rCold  . . .     Gourm    .     s - +1 chain mail
rNeg   . . .     Faith    .     (no shield)
rPois  .         Spirit   .     c - +0 hat
rElec  .         Dismiss  .     p - +0 cloak
rCorr  .         Reflect  .     q - +0 pair of gloves
MR     .....     Harm     .     (no boots)
Stlth  .......... NoTele   +    (no amulet)
                                u - +2 ring of protection
                                t - +3 ring of strength

@: barbed spikes, very slightly contaminated, invisible, very slow
A: retaliatory headbutt, horns 2
a: Bend Time, Temporal Distortion, Slouch, Step From Time, Renounce Religion


You were in the Dungeon.
You worshipped Cheibriados.
Cheibriados was extremely pleased with you.
You were not hungry.

You visited 1 branch

Inventory:

Hand Weapons
 r - a +0 lajatang
Missiles
 d - 3 throwing nets (quivered)
Armour
 c - a +0 hat (worn)
 p - a +0 cloak (worn)
 q - a +0 pair of gloves (worn)
 s - a +1 chain mail (worn)
Jewellery
 t - a +3 ring of strength (left hand)
 u - a +2 ring of protection (right hand)
Wands
 o - a wand of acid (1/15)
Scrolls
 k - 2 scrolls of blinking
 m - 3 scrolls of remove curse
 n - 2 scrolls of amnesia
Potions
 e - 5 potions of curing
 g - a potion of heal wounds
 i - 4 potions of magic
Comestibles
 a - 2 chunks of flesh
 f - a bread ration


   Skills:
 + Level 3.3 Fighting
 + Level 17.3 Staves
 - Level 2.0 Throwing
 + Level 3.1 Armour
 + Level 5.3 Dodging
 * Level 9.8 Invocations


You had 7 spell levels left.
You didn't know any spells.

Dungeon Overview and Level Annotations

Branches:
Dungeon (1/1)

Altars:
Cheibriados
Dithmenos
Elyvilon
Fedhas
Gozag
Hepliaklqana
Kikubaaqudgha
Makhleb
Nemelex Xobeh
Okawaru
Qazlal
Ru
Sif Muna
Trog
Uskayaw
Vehumet
Xom
Yredelemnul
Zin
The Shining One
Beogh
Jiyva
Lugonu


Innate Abilities, Weirdness & Mutations

You reflexively headbutt those who attack you in melee.
You have a pair of horns on your head.


Message History

You furiously retaliate!
You headbutt the five-headed hydra!
The five-headed hydra closely misses you.
The five-headed hydra bites you!
* * * LOW HITPOINT WARNING * * *
The five-headed hydra closely misses you.
The five-headed hydra bites you.
* * * LOW HITPOINT WARNING * * *
You hit the five-headed hydra. You headbutt the five-headed hydra!
The five-headed hydra is severely wounded.
The five-headed hydra bites you.
* * * LOW HITPOINT WARNING * * *
The five-headed hydra misses you.
The five-headed hydra bites you but does no damage. x3
Unknown command.
You hit the five-headed hydra. You headbutt the five-headed hydra!
The five-headed hydra is almost dead.
The five-headed hydra bites you but does no damage.
The five-headed hydra closely misses you.
The five-headed hydra bites you!
You die... ▓▓▓▓▓▓▓▓▓▓▓▓▓▓▓▓▓▓▓▓▓▓▓▓ .....†D@.÷...)!....)|..' ▓▓▓▓▓▓▓▓▓▓▓▓▓▓▓▓▓▓▓▓▓▓▓▓

You could see a five-headed hydra.

Vanquished Creatures
  A hill giant (D)
  A manticore (D)
  A vampire (D)
  A vampire mosquito (D)
  An ogre (D)
  2 bullfrogs (D)
  A crimson imp (D)
  An iguana (D)
  A worker ant (D)
  4 adders (D)
  An orc (D)
  4 bats (D)
  A quokka (D)
  A rat (D)
21 creatures vanquished.

Notes
Turn   | Place    | Note
-------+----------+-------------------------------------------
     0 | D        | Kann the Minotaur Gladiator began the quest for the Orb.
     0 | D        | Reached XP level 1. HP: 18/18 MP: 0/0
     4 | D        | Reached skill level 4 in Staves
     7 | D        | Reached skill level 5 in Staves
    17 | D        | Noticed a crimson imp
    18 | D        | Reached skill level 6 in Staves
    18 | D        | Reached XP level 2. HP: 22/25 MP: 1/1
    19 | D        | Reached skill level 7 in Staves
    27 | D        | Reached skill level 8 in Staves
    37 | D        | Found a roughly hewn altar of Beogh.
    37 | D        | Found a snail-covered altar of Cheibriados.
    37 | D        | Found a shadowy altar of Dithmenos.
    37 | D        | Found a white marble altar of Elyvilon.
    37 | D        | Found a blossoming altar of Fedhas.
    37 | D        | Found an opulent altar of Gozag.
    38 | D        | Found a hazy altar of Hepliaklqana.
    39 | D        | Found a viscous altar of Jiyva.
    40 | D        | Found an ancient bone altar of Kikubaaqudgha.
    53 | D        | Killed a crimson imp
    53 | D        | Reached skill level 9 in Staves
    53 | D        | Reached XP level 3. HP: 16/30 MP: 2/2
    64 | D        | Found a corrupted altar of Lugonu.
    65 | D        | Found a burning altar of Makhleb.
    68 | D        | Became a worshipper of Cheibriados the Contemplative
   186 | D        | Found a sparkling altar of Nemelex Xobeh.
   187 | D        | Found an iron altar of Okawaru.
   188 | D        | Found a stormy altar of Qazlal.
   189 | D        | Found a sacrificial altar of Ru.
   190 | D        | Found a deep blue altar of Sif Muna.
   191 | D        | Found a bloodstained altar of Trog.
   192 | D        | Found a hide-covered altar of Uskayaw.
   193 | D        | Found a radiant altar of Vehumet.
   194 | D        | Found a shimmering altar of Xom.
   195 | D        | Found a basalt altar of Yredelemnul.
   196 | D        | Found a glowing silver altar of Zin.
   197 | D        | Found a glowing golden altar of the Shining One.
   256 | D        | Noticed a bullfrog
   256 | D        | Noticed an ogre
   257 | D        | Reached skill level 10 in Staves
   257 | D        | Reached skill level 1 in Invocations
   257 | D        | Reached XP level 4. HP: 37/37 MP: 3/3
   258 | D        | Killed a bullfrog
   258 | D        | Reached * piety under Cheibriados
   258 | D        | Reached skill level 11 in Staves
   258 | D        | Reached XP level 5. HP: 42/42 MP: 3/6
   266 | D        | Reached ** piety under Cheibriados
   268 | D        | Killed an ogre
   268 | D        | Reached skill level 12 in Staves
   268 | D        | Reached skill level 5 in Invocations
   269 | D        | Reached skill level 13 in Staves
   269 | D        | Reached XP level 6. HP: 46/50 MP: 3/9
   425 | D        | Noticed a five-headed hydra
   425 | D        | Noticed a hill giant
   425 | D        | Noticed a vampire
   425 | D        | Noticed a manticore
   425 | D        | Noticed a vampire mosquito
   429 | D        | Killed a vampire mosquito
   429 | D        | Reached *** piety under Cheibriados
   429 | D        | Reached skill level 14 in Staves
   433 | D        | Killed a manticore
   433 | D        | Reached **** piety under Cheibriados
   433 | D        | Reached skill level 16 in Staves
   433 | D        | Reached XP level 7. HP: 12/56 MP: 9/12
   433 | D        | Killed a vampire
   438 | D        | Killed a hill giant
   438 | D        | Reached ***** piety under Cheibriados
   438 | D        | Reached skill level 17 in Staves
   438 | D        | Reached skill level 5 in Dodging
   438 | D        | Reached XP level 8. HP: 52/63 MP: 10/14
   445 | D        | HP: 1/63 [five-headed hydra (6)]
   446 | D        | Mangled by a five-headed hydra

Vault maps used:
D:        linesprint

Skill      XL: |  1  2  3  4  5  6  7 |
---------------+----------------------+-----
Staves         | 6 9 10 11 13 16 17 | 17.3
Invocations    | 1 3 5 8 9 |  9.8
Fighting       | 3 |  3.3
Armour         | 3 |  3.1
Dodging        | 5 |  5.3
Throwing       | |  2.0

Action                   |  1- 3 |  4- 6 |  7- 9 || total
-------------------------+-------+-------+-------++-------
Melee: Quarterstaff      |    25 |       |       ||    25
       Headbutt          |     1 |     4 |     7 ||    12
       Lajatang          |       |    15 |       ||    15
       Unarmed           |       |       |     9 ||     9
Evoke: Wand              |       |     5 |     1 ||     6
  Use: Potion            |     1 |       |     3 ||     4
 Stab: Invisible         |       |       |     2 ||     2
Armor: Leather armour    |     6 |       |       ||     6
       Chain mail        |       |     8 |    10 ||    18
Dodge: Dodged            |    17 |     8 |    23 ||    48
